 Dungeon Crawl Stone Soup version 0.29.1-1-gd02db6906a (webtiles) character file.

Game seed: 1348957737783856322

803 Martial the Vexing (level 8, 0/50 HPs)
             Began as a Human Arcane Marksman on Oct 12, 2022.
             Was a Follower of Nemelex Xobeh.
             Slain by an orc
             ... wielding a +0 trident
              (5 damage)
             ... on level 5 of the Dungeon.
             The game lasted 00:31:12 (5657 turns).

Martial the Vexing (Human Arcane Marksman)          Turns: 5657, Time: 00:31:13

Health: 0/50       AC: -5    Str:  8 (9)  XL:     8   Next: 14%
Magic:  0/12       EV: 12    Int: 19 (21) God:    Nemelex Xobeh [*.....]
Gold:   161        SH:  0    Dex: 10 (12) Spells: 3/12 levels left

rFire   . . .      SeeInvis .   d - +0 quarterstaff
rCold   . . .      Faith    .   (shield currently unavailable)
rNeg    . . .      Spirit   +   c - +1 robe
rPois   +          Reflect  .   (no helmet)
rElec   .          Harm     .   (no cloak)
rCorr   .          Rampage  .   (no gloves)
Will    +....                   e - +2 pair of boots
Stlth   ++........              b - amulet of guardian spirit
HPRegen 0.16/turn               i - ring of poison resistance
MPRegen 0.13/turn               f - ring of willpower

@: about to teleport, corroded
A: hooves 1, clever 1, frail 1, poison resistance
a: Renounce Religion, Draw Escape, Draw Destruction, Draw Summoning


You were on level 5 of the Dungeon.
You worshipped Nemelex Xobeh.
Nemelex Xobeh was aware of your devotion.
You visited 1 branch of the dungeon, and saw 5 of its levels.

You collected 161 gold pieces.

Inventory:

Hand Weapons
 a - a +1 sling
 d - a +0 quarterstaff (weapon)
 n - a +0 dagger
Armour
 c - a +1 robe (worn)
 e - a +2 pair of boots (worn)
Jewellery
 b - an amulet of guardian spirit (around neck)
 f - a ring of willpower (right hand)
 g - a ring of willpower
 i - a ring of poison resistance (left hand)
Scrolls
 h - a scroll of fog
 j - a scroll of vulnerability
 l - 2 scrolls of noise
 q - a scroll of amnesia {unknown}
Potions
 m - a potion of cancellation {unknown}


   Skills:
 * Level 2.1 Fighting
 * Level 3.1 Staves
 * Level 3.3 Ranged Weapons
 * Level 2.2 Armour
 * Level 3.5 Dodging
 * Level 2.2 Stealth
 * Level 2.9 Spellcasting
 * Level 4.1 Hexes
 * Level 1.2 Translocations
 * Level 1.1 Fire Magic
 * Level 1.1 Air Magic
 * Level 1.0 Poison Magic


You had 3 spell levels left.
You knew the following spells:

 Your Spells              Type           Power      Damage    Failure   Level
a - Slow                  Hex            72%        N/A       2%          1
b - Inner Flame           Hex/Fire       12%        N/A       16%         3
c - Portal Projectile     Hex/Tloc       24%        N/A       16%         3
d - Poisonous Vapours     Pois/Air       12%        N/A       16%         2

Your spell library contained the following spells:

 Spells                   Type           Power      Damage    Failure   Level
 Sting                    Tmut/Pois      16%        1d3       13%         1
 Cause Fear               Hex            9%         N/A       28%         4
 Olgreb's Toxic Radiance  Pois           6%         N/A       71%         4


Dungeon Overview and Level Annotations

Branches:
Dungeon (5/15)
 Temple: D:4-7

Altars:
Nemelex Xobeh

Shops:
D:4 =


Innate Abilities, Weirdness & Mutations

You have large cloven feet.
Your mind is acute. (Int +4, Str/Dex -1)
You are frail. (-10% HP)
Your system is resistant to poisons. (rPois)


Message History

You closely miss the orc. The orc hits you with a +0 falchion!
You closely miss the orc. The orc hits you with a +0 falchion.
* * * LOW HITPOINT WARNING * * *
You hit the orc but do no damage. The orc barely misses you.
You closely miss the orc. The orc hits you with a +0 falchion.
* * * LOW HITPOINT WARNING * * *
You hit the orc but do no damage. The orc hits you with a +0 falchion.
* * * LOW HITPOINT WARNING * * *
You feel much better. The orc closely misses you.
You hit the orc but do no damage. The orc barely misses you.
You closely miss the orc. The orc misses you. The orc completely misses you.
You hit the orc.
The orc is lightly wounded.
The orc hits you with a +0 falchion!
You hit the orc.
The orc is moderately wounded.
The orc barely misses you.
You hit the orc.
You kill the orc!
You hit the orc but do no damage.
The hound seems to return to its normal shape.
The orc hits you from afar with a +0 trident!
The orc misses you.
You closely miss the orc. The orc completely misses you. The orc misses you.
The orc barely misses you. The orc hits you with a +0 club.
* * * LOW HITPOINT WARNING * * *
You closely miss the orc.
The hound is no longer moving slowly.
The orc barely misses you. x2
You feel better. The orc barely misses you. The orc hits you with a +0 club.
As you read the scroll of identify, it crumbles to dust.
j - a scroll of vulnerability The orc hits you with a +0 club.
* * * LOW HITPOINT WARNING * * *
The orc hits you from afar with a +0 trident!
* * * LOW HITPOINT WARNING * * *
As you read the scroll of teleportation, it crumbles to dust.
You feel strangely unstable.
The orc hits you from afar with a +0 trident.
You die...
Your body disappears without a glow.

#.. ## #.# #.###.
#..#...###.### #.#
#... #......####)#
####..! #...........#
#......###......######
#......####...#
#...oh# ###...###
##.##o# #.......### #
#@# #.........#
#.###.......#.###
#.......)....>..#
#######...###...#
#...# .. 8 ...#.#
.......# #####...#
...#


You could see a hound and 2 orcs.

Vanquished Creatures
  Grinder (D:4)
  A black bear (D:4)
  A phantom (D:4)
  A howler monkey (D:3)
  2 hounds
  2 orc priests
  Natasha (twice) (D:3)
  2 orc wizards
  Robin (D:3)
  6 adders
  3 dart slugs
  21 orcs
  7 bats
  10 endoplasms
  3 giant cockroaches
  13 goblins
  14 hobgoblins
  5 jackals
  2 quokkas
  4 ball pythons
  4 frilled lizards
  3 kobolds
  3 rats
111 creatures vanquished.

Notes
Turn   | Place    | Note
-------+----------+-------------------------------------------
     0 | D:1      | Martial the Human Arcane Marksman began the quest for the
                  | Orb.
     0 | D:1      | Reached XP level 1. HP: 15/15 MP: 2/2
   251 | D:2      | Reached XP level 2. HP: 21/21 MP: 3/3
   349 | D:3      | Reached XP level 3. HP: 26/26 MP: 4/4
   397 | D:3      | Learned a level 3 spell: Inner Flame
   511 | D:3      | Reached skill level 1 in Staves
   511 | D:3      | Reached skill level 1 in Stealth
   511 | D:3      | Reached XP level 4. HP: 6/32 MP: 2/6
   675 | D:3      | Reached skill level 1 in Armour
   677 | D:3      | Noticed Robin
   701 | D:3      | Killed Robin
  1124 | D:4      | Reached XP level 5. HP: 37/37 MP: 5/7
  1216 | D:4      | Found Net Unil's Jewellery Emporium.
  1337 | D:4      | Learned a level 3 spell: Portal Projectile
  1399 | D:4      | Noticed a black bear
  1416 | D:4      | Killed a black bear
  1417 | D:4      | Reached XP level 6. HP: 25/43 MP: 1/9
  1611 | D:4      | Gained mutation: Your system is resistant to poisons.
                  | (rPois) [potion of mutation]
  1611 | D:4      | Gained mutation: You have large cloven feet. [potion of
                  | mutation]
  1611 | D:4      | Gained mutation: You are frail. (-10% HP) [potion of
                  | mutation]
  1611 | D:4      | Gained mutation: Your mind is acute. (Int +4, Str/Dex -1)
                  | [potion of mutation]
  1950 | D:4      | Learned a level 2 spell: Poisonous Vapours
  2002 | D:4      | Reached XP level 7. HP: 2/44 MP: 1/10
  2399 | D:4      | Noticed Grinder
  2404 | D:4      | Paralysed by Grinder for 5 turns
  2426 | D:4      | Paralysed by Grinder for 5 turns
  2442 | D:4      | Killed Grinder
  2848 | D:3      | Noticed Natasha
  2860 | D:3      | Killed Natasha
  2939 | D:3      | Reached skill level 1 in Translocations
  3274 | D:3      | Noticed Natasha
  3299 | D:3      | Killed Natasha
  3300 | D:3      | Reached skill level 4 in Hexes
  3300 | D:3      | Reached skill level 1 in Fire Magic
  3300 | D:3      | Reached XP level 8. HP: 13/50 MP: 1/12
  4105 | D:2      | Reached skill level 1 in Air Magic
  4882 | D:1      | Found a faded altar of an unknown god.
  4903 | D:1      | Prayed at the altar of an unknown god.
  4903 | D:1      | Became a worshipper of Nemelex Xobeh the Trickster
  4903 | D:1      | Reached * piety under Nemelex Xobeh
  4903 | D:1      | Received a gift from Nemelex Xobeh
  5387 | D:5      | Entered Level 5 of the Dungeon
  5438 | D:5      | Reached skill level 1 in Poison Magic
  5657 | D:5      | Slain by an orc

Illustrated notes

Levels and vault maps discovered:
D:1:      eino_arrival_tree_alley, layout_rooms, basic_ecumenical_altar
D:2:      minmay_door_path, layout_basic, grunt_decor_cap
D:3:      layout_basic, uniq_robin, uniq_natasha
D:4:      black_bear_nest_2, layout_basic, serial_shops,
          nicolae_shop_behind_doors, uniq_grinder
D:5:      layout_loops_ring, chequers_hall_statues_y, serial_bayou_pond_a

Skill      XL: |  1  2  3  4  5  6  7  8 |
---------------+-------------------------+-----
Staves         | 1 2 3 |  3.1
Stealth        | 1 2 |  2.2
Armour         | 1 2 |  2.2
Dodging        | 3 |  3.5
Spellcasting   | 2 |  2.9
Ranged Weapons | 3 |  3.3
Fighting       | 2 |  2.1
Translocations | 1 |  1.2
Hexes          | 4 |  4.1
Fire Magic     | 1 |  1.1
Air Magic      | 1 |  1.1
Poison Magic   | 1 |  1.0

Action                   |  1- 3 |  4- 6 |  7- 9 || total
-------------------------+-------+-------+-------++-------
Melee: Quarterstaff      |    41 |    91 |   151 ||   283
 Fire: Sling             |    17 |    67 |    76 ||   160
 Cast: Slow              |    20 |    19 |    29 ||    68
       Inner Flame       |       |     8 |    11 ||    19
       Portal Projectile |       |     1 |    17 ||    18
       Poisonous Vapours |       |     1 |     1 ||     2
Invok: Draw Destruction  |       |       |     2 ||     2
       Draw Summoning    |       |       |     1 ||     1
  Use: Potion            |     1 |     4 |     5 ||    10
       Scroll            |       |     4 |     7 ||    11
Armor: Robe              |    14 |    71 |   104 ||   189
Dodge: Dodged            |    29 |    94 |   190 ||   313
